 Dungeon Crawl Stone Soup version 0.30.0 (webtiles) character file.

Game seed: 5400956401338715631

169 waue2000 the Chiller (level 5, -6/28 HPs)
             Began as a Deep Elf Ice Elementalist on Jan 7, 2024.
             Was an Initiate of Gozag.
             Mangled by an orc warrior
             ... wielding a +0 dire flail
              (11 damage)
             ... on level 3 of the Dungeon.
             The game lasted 00:28:08 (2108 turns).

waue2000 the Chiller (Deep Elf Ice Elementalist)    Turns: 2108, Time: 00:28:08

Health: -6/28      AC:  2    Str:  5    XL:     5   Next: 25%
Magic:  12/14      EV: 12    Int: 22    God:    Gozag
Gold:   221        SH:  0    Dex: 15    Spells: 7/14 levels left

rFire   . . .        f - +0 mace
rCold   . . .        (no shield)
rNeg    . . .        a - +0 robe
rPois   +            (no helmet)
rElec   .            (no cloak)
rCorr   .            (no gloves)
SInv    .            (no boots)
Will    .....        e - amulet of faith
Stlth   ++           o - ring of poison resistance
HPRegen 0.24/turn    (no ring)
MPRegen 0.14/turn

%: faith
@: no status effects
A: no striking features
a: Renounce Religion, Potion Petition, Call Merchant, Bribe Branch


You were on level 3 of the Dungeon.
You worshipped Gozag.
Gozag was aware of your devotion.
You visited 1 branch of the dungeon, and saw 4 of its levels.

You collected 288 gold pieces.
You paid 67 gold pieces to Gozag.

Inventory:

Hand Weapons
 f - a +0 mace (weapon)
Missiles
 u - 4 javelins
Armour
 a - a +0 robe (worn)
Jewellery
 e - an amulet of faith (around neck)
 o - a ring of poison resistance (left hand)
Wands
 l - a wand of flame (10)
Scrolls
 c - 3 scrolls of teleportation {unknown}
 d - 3 scrolls of immolation
 g - a scroll of identify {unknown}
 h - a scroll of blinking {unknown}
 k - a scroll of magic mapping {unknown}
 n - 3 scrolls of amnesia {unknown}
 r - a scroll of fog {unknown}
 s - a scroll of enchant armour {unknown}
 t - a scroll of fear {unknown}
Potions
 b - a potion of magic
 i - a potion of flight {unknown}
 j - a potion of berserk rage {unknown}
 m - 3 potions of curing {unknown}
 p - a potion of brilliance {unknown}
 q - a potion of invisibility {unknown}


   Skills:
 + Level 0.2 Maces & Flails
 + Level 2.6 Dodging
 + Level 3.4 Stealth
 + Level 5.3 Spellcasting
 + Level 5.6 Ice Magic


You had 7 spell levels left.
You knew the following spells:

 Your Spells              Type           Power      Damage    Failure   Level
a - Freeze                Ice            100%       1d10      1%          1
b - Ozocubu's Armour      Ice            30%        N/A       3%          3
c - Frozen Ramparts       Ice            60%        1d10      3%          3

Your spell library contained the following spells:

 Spells                   Type           Power      Damage    Failure   Level
 Lesser Beckoning         Tloc           10%        N/A       14%         2
 Gell's Gravitas          Tloc           5%         N/A       28%         3
 Teleport Other           Tloc           5%         N/A       28%         3
 Summon Ice Beast         Ice/Summ       18%        N/A       30%         4
 Summon Forest            Summ/Tloc      2%         N/A       95%         5
 Eringya's Noxious Bog    Tmut/Pois      2%         N/A       100%        6
 Summon Hydra             Summ           2%         N/A       100%        7


Dungeon Overview and Level Annotations

Branches:
Dungeon (4/15)
 Temple: D:4-7

Altars:
Gozag
Ru


Message History

You freeze the scorpion!
You kill the scorpion!
You feel sick.
Your Spellcasting skill increases to level 5!
You have reached level 5!
Your icy armour cracks and falls away as you move.
You feel sick.
You now have 221 gold pieces (gained 4).
You feel sick.
You feel sick.
You feel sick.
You feel sick.
You feel sick.
You feel sick.
You are no longer poisoned.
You start resting.
Magic restored.
There is a stone staircase leading down here.
Casting: Freeze (safe; 1% risk of failure)
Confirm with . or Enter, or press ? or * to list all spells.
A film of ice covers your body!
You climb downwards.
Your icy armour cracks and falls away as you move.
The orc barely misses you.
The orc warrior hits you with a +0 dire flail!
The orc wizard points at you and mumbles some strange words.
You resist with some effort.
There is a stone staircase leading up here.
The orc hits you with a +0 short sword.
The orc warrior hits you with a +0 dire flail!
* * * LOW HITPOINT WARNING * * *
You climb upwards.
There is a stone staircase leading down here.
You are too injured to fight recklessly!
The orc hits you with a +0 short sword.
* * * LOW HITPOINT WARNING * * *
The orc warrior attacks as you move away!
The orc warrior hits you with a +0 dire flail!
You die...
Your body crumbles into a pile of gold.

##### #.... #...#
#.... ##..## #....
########...###....
#.........<.##....
#...............#.
#..........#......
#..........####...
#@o........#####..
#o...........###..
#..........#......
#########..####...
##<###(...
#........
####..... #....#
#....#


You could see an orc warrior and an orc.

Vanquished Creatures
  A scorpion (D:3)
  5 adders
  A worm (D:2)
  3 dart slugs
  7 ball pythons
  5 bats
  5 endoplasms
  4 goblins
  2 hobgoblins
  4 jackals (D:2)
  5 kobolds
  A quokka (D:3)
  6 frilled lizards
  8 rats
57 creatures vanquished.

Notes
Turn   | Place    | Note
-------+----------+-------------------------------------------
     0 | D:1      | waue2000 the Deep Elf Ice Elementalist began the quest for
                  | the Orb.
     0 | D:1      | Reached XP level 1. HP: 10/10 MP: 6/6
   380 | D:1      | Reached XP level 2. HP: 15/15 MP: 5/8
   641 | D:2      | Reached skill level 5 in Ice Magic
   671 | D:2      | Reached XP level 3. HP: 19/19 MP: 8/10
   675 | D:2      | Learned a level 3 spell: Ozocubu's Armour
   680 | D:2      | Learned a level 3 spell: Frozen Ramparts
  1482 | D:2      | Reached XP level 4. HP: 23/24 MP: 7/12
  1716 | D:3      | Found a faded altar of an unknown god.
  1745 | D:3      | Prayed at the altar of an unknown god.
  1745 | D:3      | Became a worshipper of Ru the Awakened
  1768 | D:3      | Fell from the grace of Ru
  1816 | D:3      | Found an opulent altar of Gozag.
  1825 | D:3      | Became a worshipper of Gozag Ym Sagoz the Greedy
  2043 | D:4      | Noticed an orc warrior
  2043 | D:4      | Noticed a scorpion
  2050 | D:3      | Killed a scorpion
  2051 | D:3      | Reached skill level 5 in Spellcasting
  2051 | D:3      | Reached XP level 5. HP: 21/28 MP: 7/14
  2108 | D:3      | Mangled by an orc warrior

Illustrated notes

Levels and vault maps discovered:
D:1:      enne_arrival_octagon_isle, layout_loops_ring, minmay_parallelograms,
          minmay_split_cup_large
D:2:      minmay_recursive_quarters, layout_basic, minmay_misc_feat_iff
D:3:      layout_rooms, nicolae_gozag_cash_rules_everything_around_me,
          hellmonk_ecumenical_altar_blasted
D:4:      layout_layer_cave, serial_co_window_serial, co_window_paths_a,
          co_window_corner_a, co_window_corner_a, co_window_corner_a,
          co_window_paths_a, co_window_of_opportunity_b, co_window_2corner,
          co_window_corner_b, co_window_of_opportunity_b, co_window_cross_4,
          co_window_unsneaky_path_d, co_window_paths_e, hellmonk_no_cap,
          uniq_sigmund

Skill      XL: |  1  2  3  4 |
---------------+-------------+-----
Ice Magic      | 5 |  5.6
Spellcasting   | 4 5 |  5.3
Stealth        | 3 |  3.4
Maces & Flails | |  0.2
Dodging        | |  2.6

Action                     |  1- 3 |  4- 6 || total
---------------------------+-------+-------++-------
  Melee: Unarmed           |     1 |       ||     1
         Mace              |    11 |     4 ||    15
         Punch             |       |     1 ||     1
   Cast: Freeze            |    41 |    32 ||    73
         Ozocubu's Armour  |     1 |     2 ||     3
 Invoke: Renounce Religion |       |     1 ||     1
    Use: Potion            |     2 |       ||     2
   Stab: Sleeping          |     2 |       ||     2
 Armour: Robe              |     5 |     4 ||     9
  Dodge: Dodged            |    33 |    28 ||    61
